AoeStats
← wayne_king

Arabian Desert

509847362Analyzed
1v1 RM · 2d ago on Sep 28, 2026· 21m 35s· 2 players
Game mode
Random Map
Map size
Tiny (2 player)
Population
200
Speed
Normal
Resources
Standard
Victory
Conquest
Starting age
Dark Age
Ending age
Imperial Age
RankedLock teamsTeams togetherTeam positionsShared explorationLock speedFull tech treeHidden civsTurbo modeCheats
Victory
Defeat
🇦🇺 Mongols · Australia
1197
+14
🇩🇪 Danes · Germany
1159
-14
Allowuff
7:04 Loom
9:33 Feudal Age
9:39 Man-at-Arms
11:52 Double-Bit Axe
13:55 Arson
21:27 Castle Age
20:39 Padded Archer Armor
wayne_king
8:58 Feudal Age
9:02 Man-at-Arms
11:50 Loom
13:42 Double-Bit Axe
13:53 Horse Collar
15:30 Fletching
16:32 Padded Archer Armor
18:44 Forging
19:12 Bloodlines
21:03 Wheelbarrow
Connection lost

Rejoining the realm…

Still unreachable

The connection could not be restored.

Session expired

The server has moved on; the page needs a fresh start.